[Event "*** Titled Tuesday Blitz"]
[Site "Chess.com"]
[Date "2020.05.05"]
[Round "9"]
[White "Anuar_Is"]
[Black "Fighter008"]
[Result "1-0"]
[WhiteElo "2764"]
[BlackElo "2556"]
[TimeControl "180+1"]
[EndTime "11:44:27 PDT"]
[Termination "Anuar_Is won by resignation"]

1. e4 c5 2. Nf3 d6 3. d4 cxd4 4.
Nxd4 Nf6 5. Nc3 a6 6. Bg5 e6 7. f4 Nbd7 8. Qe2 Qc7 9. O-O-O b5 10. f5 e5 11. Nd5 Nxd5 12. exd5 Bb7 13. Ne6 fxe6 14.
Qh5+ g6 15. fxg6 Bg7 16. gxh7+ Kf8 17. Bd3 Nf6 18. Rhf1 Qf7 19. Qh4 Ke7 20. dxe6 Qxe6 21. Bf5 Qxa2 22. Bc8 Raxc8 23. Bxf6+ Bxf6 24. Qxf6+ Kd7 25. Qxd6+ Ke8 26. Qxe5+ 1-0

[Event "*** Titled Tuesday Blitz"]
[Site "Chess.com"]
[Date "2020.05.05"]
[Round "9"]
[White "Malysch"]
[Black "yamalchess"]
[Result "1-0"]
[WhiteElo "2449"]
[BlackElo "2537"]
[TimeControl "180+1"]
[EndTime "11:44:35 PDT"]
[Termination "Malysch won by resignation"]

1. d4 Nf6 2. c4 c5 3. d5 b5 4. Nf3 g6 5. Qc2 Bg7 6. e4 d6 7.
cxb5 O-O 8. Nc3 a6 9. a4 Qa5 10. Bd2 axb5 11. Bxb5 Ba6 12. Ra3 Nbd7 13. O-O Rfc8 14. h3 c4 15. Nd4 Nc5 16. Nc6 Qc7 17. Be3 Nb3 18. Bxa6 Rxa6 19. Nb5 Qb7 20. Qxc4 Na5 21. Nxe7+ 1-0

[Event "*** Titled Tuesday Blitz"]
[Site "Chess.com"]
[Date "2020.05.05"]
[Round "9"]
[White "FROGGY64"]
[Black "petroniy_arbitr"]
[Result "1-0"]
[WhiteElo "2440"]
[BlackElo "2300"]
[TimeControl "180+1"]
[EndTime "11:44:35 PDT"]
[Termination "FROGGY64 won by resignation"]

1. d4 d5 2. c4 c6 3. Nf3 Nf6 4. Qc2 dxc4 5. e4 Bg4 6. Bxc4 Bxf3 7. gxf3 Nbd7 8. Qb3 e6 9. Qxb7 Rb8 10. Qxc6 Bb4+ 11.
Nc3 O-O 12. Bd2 Rc8 13. Qb5 Bxc3 14. Bxc3 Nb6 15. Bd3 Qc7 16. Qg5 h6 17. Qg3 Qd7 18. Rg1 Ne8 19. d5 exd5 20. Bxg7 1-0

[Event "*** Titled Tuesday Blitz"]
[Site "Chess.com"]
[Date "2020.05.05"]
[Round "9"]
[White "Yuri202062"]
[Black "gui_borba"]
[Result "1-0"]
[WhiteElo "2529"]
[BlackElo "2363"]
[TimeControl "180+1"]
[EndTime "11:44:39 PDT"]
[Termination "Yuri202062 won by resignation"]

1. d4 Nf6 2. c4 e6 3. Nc3 Bb4 4. e3 O-O 5. Bd3 b6 6. Ne2 Bb7 7. O-O c5 8. d5 Bxc3 9. Nxc3 exd5 10. cxd5 d6 11. e4 Re8 12. Bg5 Ba6 13. f4 Bxd3 14.
Qxd3 Nbd7 15. Rae1 Qc7 16. Re2 a6 17. a4 h6 18. Bh4 Rab8 19. Rfe1 c4 20. Qg3 b5 21. axb5 axb5 22. e5 Qc5+ 23. Kh1 Nxd5 24. Ne4 Qd4 25. Nxd6 Re6 26. Nf5 Rg6 27. Nxd4 1-0

[Event "*** Titled Tuesday Blitz"]
[Site "Chess.com"]
[Date "2020.05.05"]
[Round "9"]
[White "norwaytoadog"]
[Black "ChadBiryani"]
[Result "1-0"]
[WhiteElo "2201"]
[BlackElo "2332"]
[TimeControl "180+1"]
[EndTime "11:44:40 PDT"]
[Termination "norwaytoadog won by resignation"]

1. e4 c5 2. Nf3 d6 3. Bb5+ Nc6 4. Bxc6+ bxc6 5. O-O Bg4 6. h3 Bh5 7. d3 e6 8. Nbd2 Nf6 9. b3 Be7 10. Bb2 O-O 11. Qe1 Nd7 12. Nh2 Bf6 13. Bxf6 Qxf6 14.
g4 Bg6 15. f4 Qd4+ 16. Kg2 f6 17. Nhf3 Qc3 18. Nc4 d5 19. Qxc3 1-0

[Event "*** Titled Tuesday Blitz"]
[Site "Chess.com"]
[Date "2020.05.05"]
[Round "9"]
[White "Nafania1"]
[Black "ChessTraining77"]
[Result "1/2-1/2"]
[WhiteElo "2413"]
[BlackElo "2538"]
[TimeControl "180+1"]
[EndTime "11:44:42 PDT"]
[Termination "Game drawn by agreement"]

1. e4 c6 2. Nc3 d5 3. d4 dxe4 4.
Nxe4 Bf5 5. Ng3 Bg6 6. h4 h6 7.
Nf3 Nd7 8. h5 Bh7 9. Bd3 Bxd3 10.
Qxd3 Ngf6 11. Bd2 e6 12. O-O-O Be7 13. Ne4 Nxe4 14. Qxe4 Nf6 15. Qd3 Qd5 16. c4 Qe4 17.
Qb3 O-O-O 18. Rde1 Qh7 19. Qa4 Kb8 20. Qc2 Qxc2+ 21.
Kxc2 Bd6 22. Bc3 Rhg8 1/2-1/2

[Event "*** Titled Tuesday Blitz"]
[Site "Chess.com"]
[Date "2020.05.05"]
[Round "9"]
[White "SirMittensofMittensville"]
[Black "11kevin"]
[Result "0-1"]
[WhiteElo "2658"]
[BlackElo "2542"]
[TimeControl "180+1"]
[EndTime "11:44:56 PDT"]
[Termination "11kevin won by resignation"]

1. e4 e5 2. Nf3 Nc6 3. Bc4 Bc5 4. d3 Nf6 5. c3 O-O 6. O-O d5 7. exd5 Nxd5 8. Re1 Re8 9. d4 Nb6 10. Bxf7+ Kxf7 11. dxc5 Qxd1 12. Rxd1 Nd7 13. Ng5+ Kg6 14. Ne4 Nf6 15. Nbd2 Bf5 16. Nxf6 gxf6 17. Nc4 Rad8 18. Be3 Bd3 19. Nd2 a5 20. b3 f5 21. f3 f4 22. Bf2 Be2 23. Bh4 Rd3 24. Kf2 Bxd1 25. Rxd1 Rxc3 26. Ne4 Rc2+ 27. Kf1 Nd4 28. Nf6 Re6 29.
Nd5 Rxc5 30. Nxf4+ exf4 31. Rxd4 Rc1+ 32. Kf2 Rc2+ 33. Kf1 Ree2 34. Rxf4 Rxg2 35. Bg3 Rgd2 0-1

[Event "*** Titled Tuesday Blitz"]
[Site "Chess.com"]
[Date "2020.05.05"]
[Round "9"]
[White "Shoytan"]
[Black "bakki78"]
[Result "1-0"]
[WhiteElo "2611"]
[BlackElo "2710"]
[TimeControl "180+1"]
[EndTime "11:45:00 PDT"]
[Termination "Shoytan won by resignation"]

1. e4 c5 2. Nf3 Nc6 3. d4 cxd4 4. Nxd4 Nf6 5. Nc3 d6 6. Bc4 Bd7 7. Bb3 e6 8. Be3 a6 9. Qe2 Rc8 10. O-O-O Na5 11. g4 Rxc3 12. bxc3 Nxe4 13. Qd3 d5 14. c4 Ba3+ 15. Kb1 Nc5 16. Qc3 Ne4 17. Qd3 Nc5 18. Qc3 O-O 19. cxd5 e5 20. Ne6 fxe6 21.
Bxc5 Qc7 22. dxe6 Nxb3 23. Qxb3 Bxc5 24. Rxd7 Qc6 25. e7+ Kh8 26. exf8=Q+ Bxf8 27. Rhd1 1-0

[Event "*** Titled Tuesday Blitz"]
[Site "Chess.com"]
[Date "2020.05.05"]
[Round "9"]
[White "Trankuilizer"]
[Black "Gloomy_Wanderer"]
[Result "0-1"]
[WhiteElo "2553"]
[BlackElo "2791"]
[TimeControl "180+1"]
[EndTime "11:45:07 PDT"]
[Termination "Gloomy_Wanderer won by resignation"]

1. e4 c5 2. c3 a6 3. d4 cxd4 4. cxd4 d5 5. exd5 Nf6 6. Nc3 Nxd5 7. Qb3 Nxc3 8. bxc3 Qc7 9. Bd3 Nc6 10. Ne2 e5 11.
O-O Bd6 12. d5 Na5 13. Qa4+ b5 14. Qh4 f5 15. Re1 O-O 16. a4 Nb3 17. Rb1 bxa4 18.
c4 Nxc1 19. Rexc1 Bc5 20. Nc3 Bd7 21. Bc2 a3 22. Ba4 Rab8 23. Ra1 Rb2 24. Qg3 Bxf2+ 0-1

[Event "*** Titled Tuesday Blitz"]
[Site "Chess.com"]
[Date "2020.05.05"]
[Round "9"]
[White "chesstrainer2042"]
[Black "Rozum_Ivan"]
[Result "0-1"]
[WhiteElo "2435"]
[BlackElo "2669"]
[TimeControl "180+1"]
[EndTime "11:45:09 PDT"]
[Termination "Rozum_Ivan won by resignation"]

1. e4 c5 2. Nc3 Nc6 3. Bb5 g6 4. Nf3 Bg7 5. O-O e5 6. Bxc6 dxc6 7. d3 Ne7 8. Be3 b6 9. Qd2 h6 10. a3 f5 11. exf5 gxf5 12. Qc1 Qd6 13. Re1 O-O 14. Nd2 f4 15. Nc4 Qg6 16. Bd2 Bh3 17. g3 Qh5 18.
Qd1 Bg4 19. Re2 Nf5 20. Qe1 Nd4 21. f3 Nxf3+ 0-1

[Event "*** Titled Tuesday Blitz"]
[Site "Chess.com"]
[Date "2020.05.05"]
[Round "9"]
[White "Walter_White_Poland"]
[Black "BIG_Pirate"]
[Result "0-1"]
[WhiteElo "2156"]
[BlackElo "2297"]
[TimeControl "180+1"]
[EndTime "11:45:10 PDT"]
[Termination "BIG_Pirate won by resignation"]

1. e4 d5 2. exd5 Qxd5 3. Nc3 Qa5 4. d4 Nf6 5. Nf3 Bg4 6. h3 Bh5 7. g4 Bg6 8. Ne5 e6 9. Nc4 Qa6 10. Bf4 Qc6 11. Rg1 Bb4 12. Ne3 Bxc3+ 13. bxc3 Qxc3+ 14. Ke2 Nc6 15. Kf3 O-O-O 16. Kg2 Nxd4 17. Rb1 Be4+ 18. Kh2 Nf3+ 19. Kg3 Rxd1 0-1

[Event "*** Titled Tuesday Blitz"]
[Site "Chess.com"]
[Date "2020.05.05"]
[Round "9"]
[White "Bacyanide"]
[Black "Char_dasha"]
[Result "0-1"]
[WhiteElo "2399"]
[BlackElo "2292"]
[TimeControl "180+1"]
[EndTime "11:45:12 PDT"]
[Termination "Char_dasha won by checkmate"]

1. d4 d5 2. Nf3 Nf6 3. Bf4 c5 4. e3 Nc6 5. Nbd2 e6 6. c3 Bd6 7. Bg3 O-O 8. Bd3 b6 9. Qe2 Qc7 10. e4 dxe4 11. Nxe4 Nxe4 12. Qxe4 f5 13. Qh4 cxd4 14.
cxd4 Nb4 15. Rd1 Nxd3+ 16. Rxd3 Qc1+ 17. Rd1 Bb4+ 18. Nd2 Bxd2+ 19. Ke2 Ba6+ 20. Kf3 Qc6+ 21. d5 Qxd5+ 22. Qe4 Qxe4# 0-1

[Event "*** Titled Tuesday Blitz"]
[Site "Chess.com"]
[Date "2020.05.05"]
[Round "9"]
[White "Karina_Ivanova"]
[Black "etesungam"]
[Result "0-1"]
[WhiteElo "2173"]
[BlackElo "2318"]
[TimeControl "180+1"]
[EndTime "11:45:12 PDT"]
[Termination "etesungam won by resignation"]

1. Nf3 c6 2. g3 d5 3. Bg2 Nf6 4. O-O Bf5 5. c4 Nbd7 6. d3 e5 7. cxd5 cxd5 8. Nc3 Bd6 9. Bg5 h6 10. Bd2 O-O 11. Qb3 Nb6 12. a4 d4 13. Nb5 Be6 14.
Qd1 Nfd5 15. Nxd6 Qxd6 16. a5 Nd7 17. Qa4 Nc5 18. Qa3 b6 19. Rfc1 Kh7 20. axb6 axb6 21.
Qxa8 Rxa8 22. Rxa8 Nb3 23. Rd1 Nxd2 24. Nxd2 Qb4 25.
Nc4 f6 26. Raa1 b5 27. Nd2 Qxb2 28. Rab1 Qc2 29. Rbc1 Qa4 30. Ra1 Qb4 31. Rab1 Qc5 32. Rbc1 Nc3 33. Kf1 b4 34. Re1 b3 35. e3 b2 36. Rc2 Qb5 0-1

[Event "*** Titled Tuesday Blitz"]
[Site "Chess.com"]
[Date "2020.05.05"]
[Round "9"]
[White "mjray79"]
[Black "szefru"]
[Result "1-0"]
[WhiteElo "2244"]
[BlackElo "2092"]
[TimeControl "180+1"]
[EndTime "11:45:19 PDT"]
[Termination "mjray79 won by resignation"]

1. d4 Nf6 2. c4 g6 3. Nc3 Bg7 4. e4 d6 5. Nge2 O-O 6. Ng3 h5 7. Be2 h4 8. Nf1 c5 9. d5 e6 10. Bg5 Qb6 11. Rb1 h3 12. g4 exd5 13. cxd5 Re8 14. Ng3 Nbd7 15. O-O Ne5 16. f3 Nh7 17. Be3 Bd7 18. f4 Nxg4 19. Bxg4 Bxg4 20. Qxg4 Nf6 21. Qxh3 Qb4 22. f5 Qc4 23. Bg5 Nd7 24. fxg6 fxg6 25. Qxd7 1-0

[Event "*** Titled Tuesday Blitz"]
[Site "Chess.com"]
[Date "2020.05.05"]
[Round "9"]
[White "Azatic"]
[Black "Durarbayli"]
[Result "0-1"]
[WhiteElo "2639"]
[BlackElo "2825"]
[TimeControl "180+1"]
[EndTime "11:45:29 PDT"]
[Termination "Durarbayli won by resignation"]

1. e4 c5 2. Nf3 d6 3. d4 cxd4 4.
Nxd4 Nf6 5. Nc3 Nc6 6. Be2 g6 7. O-O Bg7 8. Nb3 O-O 9. Re1 a5 10. a4 Be6 11. Bf1 Bxb3 12. cxb3 Nd7 13. Be3 Rc8 14. Rc1 Nb4 15. f4 Nc5 16. Bc4 e6 17.
Qd2 Qe7 18. Rcd1 Rfd8 19. e5 dxe5 20. Qf2 Ncd3 21. Qg3 exf4 22. Bxf4 Bd4+ 23. Re3 Nxf4 24. Rd3 0-1

[Event "*** Titled Tuesday Blitz"]
[Site "Chess.com"]
[Date "2020.05.05"]
[Round "9"]
[White "Omk124"]
[Black "CSB7"]
[Result "0-1"]
[WhiteElo "2401"]
[BlackElo "2543"]
[TimeControl "180+1"]
[EndTime "11:45:29 PDT"]
[Termination "CSB7 won by resignation"]

1. e4 c5 2. Nf3 e6 3. c4 Nc6 4. Nc3 Nd4 5. d3 Ne7 6. Be2 Nec6 7. O-O g6 8. Nxd4 cxd4 9. Nb1 Bg7 10. f4 O-O 11.
Nd2 a6 12. f5 b5 13. b3 d6 14. Ba3 exf5 15. exf5 Bxf5 16. Ne4 Bxe4 17. dxe4 b4 18.
Bb2 d3 19. Bxg7 dxe2 20. Qxe2 Kxg7 21. Rad1 Qe7 22. Qf3 Rae8 23. Rfe1 f5 24. exf5 Qxe1+ 25. Rxe1 Rxe1+ 26. Kf2 Rxf5 0-1

[Event "*** Titled Tuesday Blitz"]
[Site "Chess.com"]
[Date "2020.05.05"]
[Round "9"]
[White "tgpgoat"]
[Black "Zhani-Z"]
[Result "0-1"]
[WhiteElo "2118"]
[BlackElo "2517"]
[TimeControl "180+1"]
[EndTime "11:45:30 PDT"]
[Termination "Zhani-Z won by resignation"]

1. e4 c5 2. Nf3 d6 3. d4 cxd4 4. Nxd4 Nf6 5. Nc3 a6 6. Be3 e5 7. Nb3 Be6 8. Be2 Nbd7 9. O-O Be7 10. f4 exf4 11. Bxf4 Ne5 12. Kh1 O-O 13. Nd4 Qc7 14. Nxe6 fxe6 15. Bxe5 dxe5 16. Bd3 Bc5 17. Ne2 Ng4 18.
Nf4 Rxf4 19. Rxf4 Ne3 20. Rf8+ Rxf8 21. Qe2 Qf7 22. b4 Ba7 23. c4 Bd4 24. Re1 Qf2 25. h3 Qxe2 26. Rxe2 Rf1+ 27. Kh2 Ra1 28. c5 Nf1+ 29.
Kh1 Ng3+ 0-1

[Event "*** Titled Tuesday Blitz"]
[Site "Chess.com"]
[Date "2020.05.05"]
[Round "9"]
[White "swisspower96"]
[Black "swimmerchess"]
[Result "0-1"]
[WhiteElo "2603"]
[BlackElo "2728"]
[TimeControl "180+1"]
[EndTime "11:45:31 PDT"]
[Termination "swimmerchess won by resignation"]

1. d4 Nf6 2. c4 g6 3. Nc3 Bg7 4. e4 d6 5. h3 O-O 6. Nf3 e5 7. d5 Na6 8. g4 Nc5 9. Qc2 a5 10. Be3 b6 11. Nd2 h5 12. f3 Nh7 13. O-O-O h4 14. f4 exf4 15. Bxf4 Bf6 16. Nf3 Ng5 17.
Bxg5 Bxg5+ 18. Kb1 Bd7 19. e5 dxe5 20. Nxe5 Bf6 21. Nc6 Qe8 22. Bg2 Qe3 23. Rhf1 Bxc3 24. Rf3 Qe4 25. Rxc3 Qxc2+ 26. Rxc2 Rae8 27. Rf2 Re3 28. Nd4 Rfe8 29. Re1 Rxe1+ 0-1

[Event "*** Titled Tuesday Blitz"]
[Site "Chess.com"]
[Date "2020.05.05"]
[Round "9"]
[White "Efremov_Vlad"]
[Black "annamaja"]
[Result "0-1"]
[WhiteElo "2128"]
[BlackElo "2294"]
[TimeControl "180+1"]
[EndTime "11:45:32 PDT"]
[Termination "annamaja won by resignation"]

1. c4 e5 2. g3 Nf6 3. Bg2 d5 4. cxd5 Nxd5 5. Nc3 Nb6 6. Nf3 Nc6 7. O-O Be7 8. a3 O-O 9. b4 f6 10. Bb2 Be6 11. d3 a5 12. b5 Nd4 13. Nxd4 exd4 14.
Na4 Bd5 15. Nxb6 cxb6 16. Qa4 Bxg2 17. Kxg2 Qd5+ 18. Kg1 Bc5 19. Rab1 Rfe8 20. Rbc1 Rxe2 21. Ba1 Rae8 22. Qc4 Qxc4 23. Rxc4 Rd8 24. a4 Rd2 25. Re1 Kf7 26. Kf1 Rxd3 27. Ke2 Ra3 28. Rd1 d3+ 29.
Kf1 Ra2 0-1

[Event "*** Titled Tuesday Blitz"]
[Site "Chess.com"]
[Date "2020.05.05"]
[Round "9"]
[White "archess2"]
[Black "Bossche-CM"]
[Result "1-0"]
[WhiteElo "2300"]
[BlackElo "2442"]
[TimeControl "180+1"]
[EndTime "11:45:39 PDT"]
[Termination "archess2 won by resignation"]

1. d4 Nf6 2. c4 e6 3. Nc3 c5 4.
d5 exd5 5. cxd5 d6 6. e4 g6 7. f4 Bg7 8. Nf3 O-O 9. Be2 Re8 10. e5 Nfd7 11. O-O dxe5 12. f5 e4 13. Ng5 e3 14.
fxg6 fxg6 15. Ne6 Qb6 16. Na4 Qa5 17. Bxe3 Nf8 18. Bd2 Nxe6 19. Bxa5 Nd4 20. Bc4 b5 21. Bxb5 Nxb5 22. d6 Bd4+ 23. Kh1 Bb7 24. Qb3+ Kg7 25. Qxb5 Bc6 26. Qc4 Nd7 27. Qf7+ Kh6 28. Bd2+ 1-0

[Event "*** Titled Tuesday Blitz"]
[Site "Chess.com"]
[Date "2020.05.05"]
[Round "9"]
[White "allvim"]
[Black "Colombiano07"]
[Result "0-1"]
[WhiteElo "2321"]
[BlackElo "2189"]
[TimeControl "180+1"]
[EndTime "11:45:41 PDT"]
[Termination "Colombiano07 won by resignation"]

1. e4 e6 2. d4 d5 3. Nd2 c5 4. exd5 Qxd5 5. Ngf3 cxd4 6. Bc4 Qd7 7. O-O Nc6 8. Nb3 Nf6 9. Nbxd4 Nxd4 10. Nxd4 a6 11.
Re1 Bc5 12. Be3 O-O 13. Nb3 Qxd1 14. Raxd1 Bxe3 15. Rxe3 b5 16. Be2 Bb7 17. Bf3 Bxf3 18. Rxf3 Rad8 19. Rfd3 Rxd3 20. Rxd3 Rc8 21. Kf1 Kf8 22. c3 Ke7 23. Ke2 Nd5 24. g3 b4 25.
Kd2 bxc3+ 26. bxc3 Nb6 27. Rd4 Rc4 28. Rxc4 Nxc4+ 29. Kd3 Ne5+ 30. Ke4 Kd6 31. h3 f5+ 32. Kd4 g5 33. Nc5 Nf3+ 34. Kc4 Nd2+ 35. Kb4 a5+ 36. Kb5 Nb1 37. Kc4 Na3+ 38. Kd4 e5+ 39.
Kd3 Kxc5 0-1

[Event "*** Titled Tuesday Blitz"]
[Site "Chess.com"]
[Date "2020.05.05"]
[Round "9"]
[White "Phenix2k"]
[Black "Andrei_Belozerov"]
[Result "0-1"]
[WhiteElo "2327"]
[BlackElo "2589"]
[TimeControl "180+1"]
[EndTime "11:45:45 PDT"]
[Termination "Andrei_Belozerov won by checkmate"]

1. d4 d5 2. Nf3 Nf6 3. g3 Bg4 4. Bg2 e6 5. c4 c6 6. Qb3 Qb6 7. c5 Qc7 8. Bf4 Qc8 9. h3 Bh5 10. g4 Bg6 11. Nc3 Nbd7 12. O-O b6 13. cxb6 axb6 14.
Rfc1 Qb7 15. Ne5 Nxe5 16. dxe5 Nd7 17. e4 Nc5 18. Qc2 d4 19. b4 dxc3 20. bxc5 Bxc5 21. Qxc3 O-O 22. Bg3 Ra3 23. Qe1 Rxg3 24. Rxc5 Rxg2+ 25. Kxg2 bxc5 26. f4 Qb2+ 27. Kg3 Ra8 28. f5 Qxe5+ 29. Kg2 Qb2+ 30. Kg3 Ra3+ 31. Kh4 Qe5 32. fxg6 hxg6 33.
g5 Qf4# 0-1

[Event "*** Titled Tuesday Blitz"]
[Site "Chess.com"]
[Date "2020.05.05"]
[Round "9"]
[White "RAU4ever"]
[Black "RianKapriaga"]
[Result "0-1"]
[WhiteElo "2314"]
[BlackElo "2151"]
[TimeControl "180+1"]
[EndTime "11:45:47 PDT"]
[Termination "RianKapriaga won by resignation"]

1. e4 e5 2. Nf3 Nc6 3. Bc4 Bc5 4.
c3 Nf6 5. d3 d6 6. Bb3 a6 7. h3 Ba7 8. Nbd2 O-O 9. Nf1 Be6 10. Ng3 d5 11. Qe2 h6 12. Nh2 Re8 13.
Ng4 Nxg4 14. hxg4 Qd7 15. Nf5 Bxf5 16. gxf5 dxe4 17. dxe4 Na5 18. Bxh6 gxh6 19. Qg4+ Kf8 20. Rxh6 Nxb3 21. Rh8+ Ke7 22. f6+ Kd6 23. Rd1+ Nd4 0-1

[Event "*** Titled Tuesday Blitz"]
[Site "Chess.com"]
[Date "2020.05.05"]
[Round "9"]
[White "Gmedmundo"]
[Black "DenLaz"]
[Result "1-0"]
[WhiteElo "2514"]
[BlackElo "2654"]
[TimeControl "180+1"]
[EndTime "11:45:49 PDT"]
[Termination "Gmedmundo won by resignation"]

1. e4 e6 2. d4 d5 3. e5 c5 4.
c3 Qb6 5. Nf3 Nc6 6. a3 c4 7. Nbd2 Bd7 8. Rb1 Na5 9. Be2 Ne7 10.
b4 cxb3 11. Nxb3 Nxb3 12. Rxb3 Qc7 13. O-O Nc6 14. Bg5 Be7 15. Bxe7 Nxe7 16. Qd2 O-O 17. Rc1 b6 18. h4 h6 19. h5 Nc6 20. c4 Na5 21. Rbc3 dxc4 22. Bxc4 Bc6 23. Bb5 Qe7 24.
Bxc6 Nxc6 25. Rxc6 Qxa3 26. R1c3 Qa1+ 27. Rc1 Qa4 28. Rc7 Rad8 29. Qf4 b5 30. g4 f5 31. g5 1-0

[Event "*** Titled Tuesday Blitz"]
[Site "Chess.com"]
[Date "2020.05.05"]
[Round "9"]
[White "Blagorod"]
[Black "agrigo3"]
[Result "0-1"]
[WhiteElo "2116"]
[BlackElo "2301"]
[TimeControl "180+1"]
[EndTime "11:45:51 PDT"]
[Termination "agrigo3 won by checkmate"]

1. e4 d6 2. d4 Nf6 3. Nc3 g6 4. f4 Bg7 5. Nf3 O-O 6. Bd3 Na6 7. O-O c5 8. d5 Rb8 9. h3 Nc7 10. Be3 b5 11. e5 Nfxd5 12. Nxd5 Nxd5 13. Bf2 Nxf4 14. exd6 exd6 15. Be4 d5 16. Bxc5 dxe4 17. Bxf8 Qxf8 18.
Nd2 Qc5+ 19. Kh1 Qe5 20. Qe1 Bb7 21. Qf2 e3 22. Qxf4 Qxf4 23. Rxf4 exd2 24. Rd1 Re8 25. Rxd2 Re1+ 26. Kh2 Be5 27. g3 Rh1# 0-1

[Event "*** Titled Tuesday Blitz"]
[Site "Chess.com"]
[Date "2020.05.05"]
[Round "9"]
[White "marszach123"]
[Black "CHENNAIBOND"]
[Result "1-0"]
[WhiteElo "2143"]
[BlackElo "1258"]
[TimeControl "180+1"]
[EndTime "11:45:51 PDT"]
[Termination "marszach123 won by resignation"]

1. e4 c5 2. Nf3 Nc6 3. d4 cxd4 4.
Nxd4 Nf6 5. Nc3 e5 6. Ndb5 d6 7.
Bg5 a6 8. Na3 b5 9. Nd5 Be7 10.
Bxf6 Bxf6 11. c3 O-O 12. Nc2 Bg5 13. a4 bxa4 14. Rxa4 a5 15. Bc4 Be6 16. h4 Bh6 17.
Bb5 Ne7 18. Nce3 Bxe3 19. Nxe3 d5 20. exd5 Nxd5 21. Nxd5 Bxd5 22. O-O Be6 23. Qxd8 Rfxd8 24. Rfa1 f5 25. Rxa5 Rd1+ 26. Rxd1 Rxa5 27. Bd7 Kf7 28. Rd6 Ke7 29. Rxe6+ Kxd7 30. Rb6 Kc7 31. Rb4 Kc6 32. Kf1 f4 33. Ke2 Rb5 34. Rxb5 Kxb5 35. Kd3 1-0

[Event "*** Titled Tuesday Blitz"]
[Site "Chess.com"]
[Date "2020.05.05"]
[Round "9"]
[White "Quiet_Desperation"]
[Black "smshk35"]
[Result "0-1"]
[WhiteElo "2221"]
[BlackElo "2375"]
[TimeControl "180+1"]
[EndTime "11:45:52 PDT"]
[Termination "smshk35 won by resignation"]

1. e4 c5 2. Nf3 Nc6 3. d4 cxd4 4. Nxd4 e5 5. Nb5 d6 6. N1c3 a6 7. Na3 b5 8. Nd5 Nge7 9. c4 Nxd5 10. cxd5 Nd4 11.
Bd3 f5 12. O-O Be7 13. Nc2 Nxc2 14. Qxc2 f4 15. f3 O-O 16. Bd2 Bd7 17. Rac1 Rc8 18. Qb3 Qb6+ 19. Kh1 Rxc1 20. Rxc1 Qf2 21. Qd1 Bd8 22.
Qe2 Qxe2 23. Bxe2 Bb6 24. Bb4 Rf6 25. a4 a5 26. Bd2 bxa4 27. Rc4 Rf8 28. Bd1 Bb5 29. Rc1 Rb8 30. g3 fxg3 31. hxg3 Bd4 32.
Bxa5 Bxb2 33. Rc7 a3 34. Bb3 Be2 35. Ba2 Bxf3+ 36. Kh2 Bxe4 37. Rd7 Bd4 38. Rxd6 Rb2+ 0-1

[Event "*** Titled Tuesday Blitz"]
[Site "Chess.com"]
[Date "2020.05.05"]
[Round "9"]
[White "BillCoe"]
[Black "sm_sharon"]
[Result "0-1"]
[WhiteElo "2009"]
[BlackElo "2180"]
[TimeControl "180+1"]
[EndTime "11:45:55 PDT"]
[Termination "sm_sharon won by resignation"]

1. e4 g6 2. d4 Bg7 3. Nc3 d6 4.
h3 a6 5. Nf3 b5 6. Be3 Bb7 7. Qd3 Nf6 8. e5 Nfd7 9. exd6 cxd6 10.
Be2 O-O 11. O-O e5 12. dxe5 Nxe5 13. Nxe5 dxe5 14. Rad1 Qxd3 15. Rxd3 Nc6 16. Rd7 Rab8 17. Bb6 Bc8 18. Bc7 Bxd7 19. Bxb8 Rxb8 20. Rd1 Nd4 21.
Bf3 Nxf3+ 22. gxf3 Be6 23. Ne4 Bf8 24. h4 Be7 25. h5 Rd8 26. Re1 f5 27. Nc3 Bf6 28.
Kg2 Kf7 29. hxg6+ hxg6 30. Re2 Rd4 31. b3 Bd7 32. Nb1 Bc6 33. Nd2 Ke6 34. c3 Rd3 35. c4 Bg5 36. cxb5 axb5 0-1

[Event "*** Titled Tuesday Blitz"]
[Site "Chess.com"]
[Date "2020.05.05"]
[Round "9"]
[White "Quaternitychess"]
[Black "DLR7"]
[Result "0-1"]
[WhiteElo "2512"]
[BlackElo "2803"]
[TimeControl "180+1"]
[EndTime "11:45:56 PDT"]
[Termination "DLR7 won on time"]

1. e4 c5 2. Nf3 Nc6 3. d4 cxd4 4. Nxd4 e5 5. Nb5 a6 6. Nd6+ Bxd6 7. Qxd6 Qf6 8. Qd2 Qg6 9. Nc3 Nf6 10. f3 d5 11.
Nxd5 Nxd5 12. exd5 Nd4 13. Bd3 Bf5 14. O-O Bxd3 15.
cxd3 O-O 16. Qg5 Qxd3 17. Bd2 f6 18. Qe3 Qxe3+ 19. Bxe3 Nc2 20. Bc5 Rfc8 21. Bb6 Nxa1 22. Rxa1 Rc2 23. b4 Rac8 24. Bc5 Rd2 0-1

[Event "*** Titled Tuesday Blitz"]
[Site "Chess.com"]
[Date "2020.05.05"]
[Round "9"]
[White "Kaponov"]
[Black "GoValya"]
[Result "0-1"]
[WhiteElo "2052"]
[BlackElo "2163"]
[TimeControl "180+1"]
[EndTime "11:45:56 PDT"]
[Termination "GoValya won by resignation"]

1. e4 e6 2. d3 d5 3. exd5 exd5 4. g3 Nf6 5. Bg2 c5 6. Ne2 Be7 7. O-O O-O 8. d4 Nc6 9. c3 a6 10. Bg5 h6 11. Bf4 Re8 12. h3 Bf8 13. Be3 Qb6 14. Qc2 Ne4 15. Nd2 Bf5 16. Nxe4 Bxe4 17. Bxe4 Rxe4 18. dxc5 Bxc5 19. Bxc5 Qxc5 20. Rad1 Rae8 21.
Nf4 d4 22. Nd3 Qh5 23. Kg2 Re2 24. Qb3 Qf5 25. Nf4 Qe4+ 26. Kg1 Rc2 27. Rfe1 Qxe1+ 28. Rxe1 Rxe1+ 29. Kg2 Rcc1 30. cxd4 Rg1+ 31. Kh2 Rh1+ 32.
Kg2 Rcg1+ 33. Kf3 Nxd4+ 0-1

[Event "*** Titled Tuesday Blitz"]
[Site "Chess.com"]
[Date "2020.05.05"]
[Round "9"]
[White "temus_galaktionov"]
[Black "Aradej"]
[Result "1-0"]
[WhiteElo "2749"]
[BlackElo "2544"]
[TimeControl "180+1"]
[EndTime "11:45:57 PDT"]
[Termination "temus_galaktionov won by resignation"]

1. d4 Nf6 2. Nf3 c5 3. d5 g6 4. c4 d6 5. Nc3 Bg7 6. h3 O-O 7. e4 e6 8. Bd3 exd5 9. cxd5 a6 10. a4 Nbd7 11. O-O Nh5 12. Re1 Ne5 13. Be2 Nxf3+ 14. Bxf3 Nf6 15. Bf4 Re8 16. a5 Qc7 17. Na4 Nd7 18. Qc2 Be5 19. Bd2 Rb8 20. Ra2 b5 21. axb6 Nxb6 22. Ba5 Qa7 23. Nxb6 Rxb6 24. Bxb6 Qxb6 25.
Be2 Bd4 26. Bc4 f5 27. Kh1 Qb4 28. Re2 Rxe4 29. Bxa6 Bd7 30. Bd3 Re5 31. Ra8+ Kf7 32. Ra7 Ke8 33. f4 Rxe2 34. Qxe2+ Kd8 35. Ra8+ Kc7 36.
Qe7 Kb7 37. Rd8 1-0

[Event "*** Titled Tuesday Blitz"]
[Site "Chess.com"]
[Date "2020.05.05"]
[Round "9"]
[White "Irina_Barchuk"]
[Black "CarlssonLudvig"]
[Result "0-1"]
[WhiteElo "2221"]
[BlackElo "2454"]
[TimeControl "180+1"]
[EndTime "11:46:01 PDT"]
[Termination "CarlssonLudvig won by checkmate"]

1. e4 e5 2. Nf3 Nc6 3. d4 exd4 4.
Bc4 Nf6 5. e5 Ne4 6. c3 d5 7.
Bb5 dxc3 8. Bxc6+ bxc6 9. bxc3 Ba6 10. Nd4 Qh4 11. Be3 Bc5 12. Qf3 Bxd4 13. cxd4 Rb8 14. Nd2 Rb2 15. Nxe4 Re2+ 16. Kd1 dxe4 17. Qg3 Qe7 18.
Re1 Rxe1+ 19. Kxe1 Qb4+ 20. Bd2 Qc4 21. Qe3 Qf1# 0-1

[Event "*** Titled Tuesday Blitz"]
[Site "Chess.com"]
[Date "2020.05.05"]
[Round "9"]
[White "coalescenet"]
[Black "larisakalinina"]
[Result "1-0"]
[WhiteElo "2252"]
[BlackElo "2022"]
[TimeControl "180+1"]
[EndTime "11:46:04 PDT"]
[Termination "coalescenet won by resignation"]

1. d4 c5 2. d5 e6 3. c4 exd5 4. cxd5 d6 5. Nc3 Nf6 6. Nf3 g6 7. Bf4 a6 8. a4 Bg7 9. e3 O-O 10. Be2 Nh5 11. Bg5 Qe8 12. O-O Nd7 13. Nd2 Bxc3 14.
bxc3 Ng7 15. Bh6 Qe5 16. Nc4 Qe7 17. Rb1 Rb8 18. a5 Ne5 19. Nb6 Bf5 20. Rb2 Qh4 21. Bf4 Qe7 22. Rd2 h5 23. Qa4 g5 24. Bxe5 Qxe5 25.
Rc1 h4 26. Nd7 Qe8 27. Nf6+ Kh8 28. Nxe8 Rbxe8 29. Bd3 1-0